% Time on Ice - RENO LIONS
Lines # - Real PCT - Wanted PCT - Time Play
Normal Forward
1 - 36% - 40% - 16:03
2 - 25% - 35% - 11:24
3 - 25% - 20% - 11:00
4 - 14% - 5% - 6:23
Normal Defense
1 - 36% - 36% - 15:56
2 - 39% - 36% - 17:19
3 - 24% - 23% - 10:57
4 - 1% - 5% - 0:38
PP Forward
1 - 54% - 55% - 4:15
2 - 46% - 45% - 3:37
PP Defense
1 - 46% - 55% - 3:37
2 - 54% - 45% - 4:15
PK Forward
1 - 63% - 55% - 3:22
2 - 37% - 45% - 1:57
PK Defense
1 - 53% - 55% - 2:49
2 - 47% - 45% - 2:30
PK3 Forward
1 - 0% - 55%
2 - 0% - 45%
PK3 Defense
1 - 0% - 55%
2 - 0% - 45%
44 Forward
1 - 83% - 60% - 1:39
2 - 17% - 40% - 0:20
44 Defense
1 - 49% - 60% - 0:58
2 - 51% - 40% - 1:01
Last Minute Offensive  - 0:00
Last Minute Defensive  - 0:00
Total
Forward - 60:00
Defense - 60:00
% Time on Ice - NORTH DAKOTA HAWKS
Lines # - Real PCT - Wanted PCT - Time Play
Normal Forward
1 - 34% - 32% - 15:14
2 - 34% - 31% - 15:16
3 - 24% - 25% - 10:42
4 - 8% - 12% - 3:38
Normal Defense
1 - 39% - 36% - 17:39
2 - 36% - 36% - 16:03
3 - 14% - 15% - 6:17
4 - 11% - 13% - 4:51
PP Forward
1 - 47% - 50% - 2:30
2 - 53% - 50% - 2:49
PP Defense
1 - 53% - 50% - 2:49
2 - 47% - 50% - 2:30
PK Forward
1 - 50% - 50% - 3:54
2 - 50% - 50% - 3:58
PK Defense
1 - 46% - 50% - 3:35
2 - 54% - 50% - 4:17
PK3 Forward
1 - 0% - 50%
2 - 0% - 50%
PK3 Defense
1 - 0% - 50%
2 - 0% - 50%
44 Forward
1 - 82% - 50% - 1:38
2 - 18% - 50% - 0:21
44 Defense
1 - 42% - 50% - 0:50
2 - 58% - 50% - 1:09
Last Minute Offensive  - 0:00
Last Minute Defensive  - 0:00
Total
Forward - 60:00
Defense - 60:00
Play-by-Play 1st period 0:01 of 1st period - William Karlsson wins face-off versus Nick Suzuki in neutral zone. 0:17 of 1st period - Shot by Anders Lee. 0:17 of 1st period - Shot Misses the Net. 0:19 of 1st period - Shot by Jacob Trouba. 0:19 of 1st period - Shot Misses the Net. 0:26 of 1st period - William Karlsson is hit by Ryan Lindgren and loses puck. 0:29 of 1st period - Shot by William Karlsson. 0:29 of 1st period - Shot Blocked by Ryan Lindgren. 0:31 of 1st period - Shot by William Karlsson. 0:31 of 1st period - Shot Blocked by Ryan Lindgren. 0:42 of 1st period - William Karlsson is hit by Ryan Lindgren and loses puck. 1:23 of 1st period - Shot by Alex Killorn. 1:23 of 1st period - Goal by Alex Killorn - RENO LIONS : 0 - NORTH DAKOTA HAWKS : 1. 1:24 of 1st period - Brandon Sutter wins face-off versus Tomas Nosek in neutral zone. 1:29 of 1st period - Shot by Luke Kunin. 1:29 of 1st period - Stopped by Jaroslav Halak without a rebound. 1:30 of 1st period - Brandon Sutter wins face-off versus Evgeny Dadonov in RENO LIONS zone. 1:33 of 1st period - Shot by Dillon Dube. 1:33 of 1st period - Stopped by Jaroslav Halak with a rebound. 1:56 of 1st period - Off-side. 1:57 of 1st period - Elias Pettersson wins face-off versus Jack Hughes in neutral zone. 2:42 of 1st period - Shot by Alex Killorn. 2:42 of 1st period - Deflect By Colin Blackwell. 2:42 of 1st period - Shot Misses the Net. 3:00 of 1st period - Shot by Nic Dowd. 3:00 of 1st period - Shot Misses the Net. 5:41 of 1st period - Shot by Pierre-Luc Dubois. 5:41 of 1st period - Shot Misses the Net. 5:52 of 1st period - Shot by Tomas Nosek. 5:52 of 1st period - Deflect By Pierre-Luc Dubois. 5:52 of 1st period - Shot Blocked by Nick Suzuki. 5:54 of 1st period - Shot by Robert Hagg. 5:54 of 1st period - Stopped by Cameron Talbot without a rebound. 5:55 of 1st period - Leo Komarov wins face-off versus Jack Hughes in NORTH DAKOTA HAWKS zone. 6:01 of 1st period - Leo Komarov is hit by Erik Johnson and loses puck. 6:20 of 1st period - Shot by Tyler Benson. 6:20 of 1st period - Shot Misses the Net. 6:39 of 1st period - Pierre-Luc Dubois is hit by Connor Clifton and loses puck. 7:14 of 1st period - Shot by William Karlsson. 7:14 of 1st period - Shot Misses the Net. 7:54 of 1st period - Leo Komarov is hit by Connor Clifton and loses puck. 7:58 of 1st period - Icing by Connor Clifton. 7:59 of 1st period - Tomas Nosek wins face-off versus Jack Hughes in NORTH DAKOTA HAWKS zone. 8:40 of 1st period - Icing by Connor Clifton. 8:41 of 1st period - William Karlsson wins face-off versus Alex Killorn in NORTH DAKOTA HAWKS zone. 8:41 of 1st period - Kirill Kaprizov is hit by Connor Clifton and loses puck. 8:46 of 1st period - Shot by William Karlsson. 8:46 of 1st period - Stopped by Cameron Talbot with a rebound. 9:26 of 1st period - Minor Penalty to Dillon Dube for High sticking. 9:26 of 1st period - Minor Penalty to Justin Schultz for Tripping. 9:27 of 1st period - Pierre-Luc Dubois wins face-off versus Jason Robertson in RENO LIONS zone. 9:41 of 1st period - Shot by Nick Suzuki. 9:41 of 1st period - Shot Misses the Net. 9:43 of 1st period - Shot by Nick Suzuki. 9:43 of 1st period - Shot Blocked by Oliver Ekman-Larsson. 9:45 of 1st period - Shot by Jason Robertson. 9:45 of 1st period - Stopped by Jaroslav Halak without a rebound. 9:46 of 1st period - Nick Suzuki wins face-off versus Evgeny Dadonov in RENO LIONS zone. 9:47 of 1st period - Shot by Jason Robertson. 9:47 of 1st period - Shot Misses the Net. 10:09 of 1st period - Shot by Nick Suzuki. 10:09 of 1st period - Stopped by Jaroslav Halak with a rebound. 10:16 of 1st period - Icing by Robert Hagg. 10:17 of 1st period - Nick Suzuki wins face-off versus Pierre-Luc Dubois in RENO LIONS zone. 10:18 of 1st period - Shot by Jason Robertson. 10:18 of 1st period - Deflect By Nick Suzuki. 10:18 of 1st period - Goal by Nick Suzuki - RENO LIONS : 0 - NORTH DAKOTA HAWKS : 2. 10:19 of 1st period - Nick Suzuki wins face-off versus Leo Komarov in neutral zone. 10:24 of 1st period - Shot by Nick Suzuki. 10:24 of 1st period - Deflect By Jason Robertson. 10:24 of 1st period - Shot Misses the Net. 10:26 of 1st period - Shot by Dougie Hamilton. 10:26 of 1st period - Shot Misses the Net. 10:28 of 1st period - Shot by Nick Suzuki. 10:28 of 1st period - Shot Misses the Net. 10:30 of 1st period - Shot by Jason Robertson. 10:30 of 1st period - Stopped by Jaroslav Halak with a rebound. 10:32 of 1st period - Shot by Jason Robertson. 10:32 of 1st period - Stopped by Jaroslav Halak without a rebound. 10:33 of 1st period - Pierre-Luc Dubois wins face-off versus Nick Suzuki in RENO LIONS zone. 10:44 of 1st period - Shot by Evgeny Dadonov. 10:44 of 1st period - Shot Misses the Net. 10:47 of 1st period - Icing by Quinton Hughes. 10:48 of 1st period - Pierre-Luc Dubois wins face-off versus Nick Suzuki in NORTH DAKOTA HAWKS zone. 11:04 of 1st period - Icing by Ethan Bear. 11:05 of 1st period - Pierre-Luc Dubois wins face-off versus Frank Vatrano in RENO LIONS zone. 11:17 of 1st period - Shot by Frank Vatrano. 11:17 of 1st period - Stopped by Jaroslav Halak with a rebound. 11:19 of 1st period - Shot by Frank Vatrano. 11:19 of 1st period - Stopped by Jaroslav Halak without a rebound. 11:20 of 1st period - Jack Hughes wins face-off versus Leo Komarov in RENO LIONS zone. 11:42 of 1st period - Shot by Luke Kunin. 11:42 of 1st period - Shot Misses the Net. 11:54 of 1st period - Shot by Brandon Sutter. 11:54 of 1st period - Shot Misses the Net. 11:56 of 1st period - Shot by Brandon Sutter. 11:56 of 1st period - Shot Misses the Net. 11:58 of 1st period - Shot by Dougie Hamilton. 11:58 of 1st period - Stopped by Jaroslav Halak without a rebound. 11:59 of 1st period - Elias Pettersson wins face-off versus Nick Suzuki in RENO LIONS zone. 12:22 of 1st period - Shot by Jason Robertson. 12:22 of 1st period - Shot Misses the Net. 13:00 of 1st period - Shot by Frank Vatrano. 13:00 of 1st period - Stopped by Jaroslav Halak with a rebound. 13:18 of 1st period - Icing by William Karlsson. 13:19 of 1st period - William Karlsson wins face-off versus Brandon Sutter in RENO LIONS zone. 13:19 of 1st period - William Karlsson is hit by Brandon Sutter. 13:20 of 1st period - William Karlsson from RENO LIONS is injured at 13:20 of 1st period (Bruised Right Leg). 13:21 of 1st period - Anders Lee wins face-off versus Brandon Sutter in RENO LIONS zone. 13:21 of 1st period - Anders Lee is hit by Luke Kunin. 13:31 of 1st period - Shot by Kirill Kaprizov. 13:31 of 1st period - Stopped by Cameron Talbot with a rebound. 13:33 of 1st period - Shot by Oliver Ekman-Larsson. 13:33 of 1st period - Shot Misses the Net. 13:35 of 1st period - Shot by Anders Lee. 13:35 of 1st period - Shot Misses the Net. 13:37 of 1st period - Shot by Jacob Trouba. 13:37 of 1st period - Shot Misses the Net. 14:00 of 1st period - Minor Penalty to Oliver Ekman-Larsson for High sticking. 14:01 of 1st period - Nick Suzuki wins face-off versus Tomas Nosek in RENO LIONS zone. 14:38 of 1st period - Shot by Dougie Hamilton. 14:38 of 1st period - Shot Misses the Net. 15:01 of 1st period - Icing by Jack Hughes. 15:02 of 1st period - Pierre-Luc Dubois wins face-off versus Jack Hughes in NORTH DAKOTA HAWKS zone. 15:09 of 1st period - Shot by Evgeny Dadonov. 15:09 of 1st period - Shot Blocked by Alex Killorn. 15:21 of 1st period - Shot by Alex Killorn. 15:21 of 1st period - Goal by Alex Killorn - RENO LIONS : 0 - NORTH DAKOTA HAWKS : 3. 15:21 of 1st period - Elvis Merzlikins enters game. 15:22 of 1st period - Nic Dowd wins face-off versus Cam Atkinson in neutral zone. 15:37 of 1st period - Shot by Frank Vatrano. 15:37 of 1st period - Stopped by Elvis Merzlikins without a rebound. 15:38 of 1st period - Nick Suzuki wins face-off versus Vincent Hinostroza in RENO LIONS zone. 15:40 of 1st period - Minor Penalty to Jason Robertson for Tripping. 15:41 of 1st period - Brandon Sutter wins face-off versus Elias Pettersson in NORTH DAKOTA HAWKS zone. 15:58 of 1st period - Frank Vatrano is hit by Oliver Ekman-Larsson. 16:14 of 1st period - Shot by Kirill Kaprizov. 16:14 of 1st period - Shot Blocked by Ryan Lindgren. 16:16 of 1st period - Shot by Cam Atkinson. 16:16 of 1st period - Stopped by Cameron Talbot without a rebound. 16:17 of 1st period - Brandon Sutter wins face-off versus Vincent Hinostroza in NORTH DAKOTA HAWKS zone. 16:41 of 1st period - Shot by Pierre-Luc Dubois. 16:41 of 1st period - Shot Blocked by Marc Staal. 16:43 of 1st period - Shot by Blake Coleman. 16:43 of 1st period - Deflect By Pierre-Luc Dubois. 16:43 of 1st period - Shot Blocked by Marc Staal. 16:45 of 1st period - Shot by Jacob Trouba. 16:45 of 1st period - Stopped by Cameron Talbot without a rebound. 16:46 of 1st period - Cam Atkinson wins face-off versus Nic Dowd in NORTH DAKOTA HAWKS zone. 16:53 of 1st period - Shot by Kirill Kaprizov. 16:53 of 1st period - Stopped by Cameron Talbot without a rebound. 16:54 of 1st period - Elias Pettersson wins face-off versus Alex Killorn in NORTH DAKOTA HAWKS zone. 17:01 of 1st period - Shot by Kirill Kaprizov. 17:01 of 1st period - Shot Misses the Net. 17:03 of 1st period - Shot by Cam Atkinson. 17:03 of 1st period - Shot Blocked by Dougie Hamilton. 17:05 of 1st period - Shot by Kirill Kaprizov. 17:05 of 1st period - Stopped by Cameron Talbot without a rebound. 17:06 of 1st period - Nic Dowd wins face-off versus Kirill Kaprizov in NORTH DAKOTA HAWKS zone. 17:42 of 1st period - Shot by Kirill Kaprizov. 17:42 of 1st period - Stopped by Cameron Talbot without a rebound. 17:43 of 1st period - Nick Suzuki wins face-off versus Leo Komarov in NORTH DAKOTA HAWKS zone. Goals for this period are 0 for RENO LIONS vs 3 for NORTH DAKOTA HAWKS. Shots for this period are 8 for RENO LIONS vs 14 for NORTH DAKOTA HAWKS. 2nd period 0:01 of 2nd period - Nick Suzuki wins face-off versus Cam Atkinson in neutral zone. 0:20 of 2nd period - Shot by Jason Robertson. 0:20 of 2nd period - Deflect By Nick Suzuki. 0:20 of 2nd period - Shot Misses the Net. 1:22 of 2nd period - Shot by Pierre-Luc Dubois. 1:22 of 2nd period - Stopped by Cameron Talbot without a rebound. 1:23 of 2nd period - Leo Komarov wins face-off versus Brandon Sutter in NORTH DAKOTA HAWKS zone. 1:31 of 2nd period - Leo Komarov is hit by Connor Clifton and loses puck. 2:27 of 2nd period - Shot by Pierre-Luc Dubois. 2:27 of 2nd period - Stopped by Cameron Talbot without a rebound. 2:28 of 2nd period - Cam Atkinson wins face-off versus Nick Suzuki in NORTH DAKOTA HAWKS zone. 2:49 of 2nd period - Shot by Jason Robertson. 2:49 of 2nd period - Deflect By Nick Suzuki. 2:49 of 2nd period - Goal by Nick Suzuki - RENO LIONS : 0 - NORTH DAKOTA HAWKS : 4. 2:50 of 2nd period - Tomas Nosek wins face-off versus Jack Hughes in neutral zone. 2:53 of 2nd period - Shot by Pierre-Luc Dubois. 2:53 of 2nd period - Stopped by Cameron Talbot without a rebound. 2:54 of 2nd period - Jack Hughes wins face-off versus Cam Atkinson in NORTH DAKOTA HAWKS zone. 3:01 of 2nd period - Shot by Anders Lee. 3:01 of 2nd period - Stopped by Cameron Talbot without a rebound. 3:02 of 2nd period - Jason Robertson wins face-off versus Elias Pettersson in NORTH DAKOTA HAWKS zone. 3:02 of 2nd period - Jason Robertson is hit by Blake Coleman. 3:09 of 2nd period - Shot by Jason Robertson. 3:09 of 2nd period - Shot Misses the Net. 3:29 of 2nd period - Shot by Nick Suzuki. 3:29 of 2nd period - Stopped by Elvis Merzlikins without a rebound. 3:30 of 2nd period - Kirill Kaprizov wins face-off versus Jack Hughes in RENO LIONS zone. 4:16 of 2nd peri